 Dungeon Crawl Stone Soup version 0.29.1-13-g9f3cf754e1 (webtiles) character file.

Game seed: 1718797920824857261

57 H0rd4k the Charlatan (level 4, -4/29 HPs)
             Began as an Octopode Artificer on Jan 24, 2023.
             Slain by an iguana (13 damage)
             ... on level 4 of the Dungeon.
             The game lasted 00:01:51 (2574 turns).

H0rd4k the Charlatan (Octopode Artificer)           Turns: 2574, Time: 00:01:52

Health: -4/29      AC:  1    Str: 11    XL:     4   Next: 0%
Magic:  6/6        EV: 13    Int: 15    God:
Gold:   212        SH:  0    Dex: 12    Spells: 6/6 levels left

rFire   . . .      SeeInvis .     - Unarmed
rCold   . . .      Faith    .   (no shield)
rNeg    . . .      Spirit   .   (helmet restricted)
rPois   .          Reflect  .   (no amulet)
rElec   .          Harm     .   (no ring)
rCorr   .          Rampage  .   (no ring)
Will    .....                   (no ring)
Stlth   +++.......              (no ring)
HPRegen 0.09/turn               (no ring)
MPRegen 0.10/turn               (no ring)
                                (no ring)
                                (no ring)

@: no status effects
A: almost no armour, amphibious, 8 rings, camouflage 1, gelatinous body 1,
(nimble swimmer 1), tentacles
a: no special abilities


You were on level 4 of the Dungeon.
You visited 1 branch of the dungeon, and saw 4 of its levels.

You collected 212 gold pieces.

Inventory:

Missiles
 i - 16 poisoned darts
Jewellery
 m - a +6 ring of strength
Wands
 b - a wand of flame (31) (quivered)
 c - a wand of charming (14)
 d - a wand of iceblast (4)
Scrolls
 a - 3 scrolls of identify {unknown}
 f - a scroll of blinking {unknown}
 h - a scroll of noise {unknown}
 j - a scroll of torment {unknown}
 k - a scroll of immolation {unknown}
 l - a scroll of vulnerability {unknown}
Potions
 e - a potion of haste {unknown}
 g - 2 potions of curing {unknown}


   Skills:
 * Level 2.3 Fighting
 - Level 2.3 Dodging
 - Level 1.3 Stealth
 + Level 1.4 Unarmed Combat
 * Level 1.7 Spellcasting
 - Level 3.2 Evocations


You had 6 spell levels left.
You didn't know any spells.
Your spell library contained the following spells:

 Spells                   Type           Power      Damage    Failure   Level
 Sublimation of Blood     Necr           1%         N/A       34%         2
 Wereblood                Tmut           1%         N/A       34%         2
 Summon Hydra             Summ           0%         N/A       100%        7


Dungeon Overview and Level Annotations

Branches:
Dungeon (4/15)
 Temple: D:4-7

Altars:
Uskayaw

Shops:
D:3 [


Innate Abilities, Weirdness & Mutations

You cannot wear most types of armour.
You are amphibious.
You can wear up to eight rings at the same time.
Your skin changes colour to match your surroundings (Stealth+).
Your rubbery body absorbs attacks. (AC +1, EV +1)
((You are camouflaged when in or above water. (Stealth+)))
You have tentacles for arms and can constrict up to eight enemies at once.


Message History

g - Guard the area. f - Follow me.
Anything else - Cancel.
Guard this area!
You feel sick.
You feel sick.
You are no longer poisoned.
Found a robe.
You start resting.
An iguana is nearby!
You start resting.
An iguana is nearby!
You are too injured to fight recklessly!
You are too injured to fight recklessly!
Aiming: Iceblast
Press: ? - help, Shift-Dir - straight line, f/p - iguana
Aim: an iguana (wandering, hasn't noticed you)
The mass of ice explodes!
The iceblast engulfs the iguana!
The iguana is heavily wounded.
The iguana hisses angrily.
You hear an angry hiss.
Unknown command.
You are too injured to fight recklessly!
Aiming: Throw Flame
Press: ? - help, Q - select action, (/) - cycle Shift-Dir - straight line, f/p - iguana
Aim: an iguana (heavily wounded, 75% to hit)
The puff of flame misses the iguana.
Unknown command.
Aiming: Throw Flame
Press: ? - help, Q - select action, (/) - cycle Shift-Dir - straight line, f/p - iguana
Aim: an iguana (heavily wounded, 75% to hit)
The puff of flame hits the iguana.
The iguana is severely wounded.
Unknown command.
You tentacle-slap the iguana but do no damage.
Your grab misses the iguana. You squeeze the iguana.
The iguana is severely wounded.
The iguana bites you.
* * * LOW HITPOINT WARNING * * *
You barely miss the iguana. You grab the iguana.
The iguana is severely wounded.
You constrict the iguana. The iguana bites you!
You die...

#. #..######
#..#....##
#........##
#........#
#.......@#
#......l## ..###
#...#...#
......##...#..##
#............###
#........[..##
#............#
#..$.........#
#...........##


You could see an iguana.

Vanquished Creatures
  A worm (D:2)
  5 endoplasms
  4 giant cockroaches
  8 goblins
  A hobgoblin (D:3)
  2 jackals (D:3)
  2 kobolds
  4 bats
  3 frilled lizards
  4 rats
34 creatures vanquished.

Vanquished Creatures (collateral kills)
  An adder (D:4)
  An endoplasm (D:4)
  2 hobgoblins (D:4)
4 creatures vanquished.

Grand Total: 38 creatures vanquished

Notes
Turn   | Place    | Note
-------+----------+-------------------------------------------
     0 | D:1      | H0rd4k the Octopode Artificer began the quest for the Orb.
     0 | D:1      | Reached XP level 1. HP: 13/13 MP: 1/1
    48 | D:1      | Found a faded altar of an unknown god.
   381 | D:1      | Reached XP level 2. HP: 18/18 MP: 3/3
   407 | D:1      | Reached skill level 1 in Spellcasting
  1272 | D:2      | Reached XP level 3. HP: 21/24 MP: 3/5
  1602 | D:2      | Reached skill level 1 in Unarmed Combat
  1969 | D:3      | Found Doost's Antique Armour Shoppe.
  1996 | D:3      | Noticed a +0 dagger
  1996 | D:3      | Noticed a +0 short sword
  1997 | D:3      | Noticed a +0 falchion
  1997 | D:3      | Noticed a +0 short sword
  1998 | D:3      | Noticed a +0 spear
  1998 | D:3      | Noticed a +0 dagger
  1999 | D:3      | Noticed a +0 spear
  2000 | D:3      | Noticed a +0 falchion
  2006 | D:3      | Found a hide-covered altar of Uskayaw.
  2526 | D:4      | Reached XP level 4. HP: 12/29 MP: 6/6
  2574 | D:4      | Slain by an iguana

Illustrated notes

Levels and vault maps discovered:
D:1:      matt_arrival_diagonals, layout_loops_corners,
          hellmonk_ecumenical_altar_run_dry
D:2:      layout_loops_ring, grunt_ministairs_1
D:3:      layout_loops_ring, nicolae_uskayaw_en_pointe, serial_shops, shop
D:4:      layout_cave_pools, st_stairs_12, uniq_crazy_yiuf_cottage,
          uniq_eustachio

Skill      XL: |  1  2  3 |
---------------+----------+-----
Spellcasting   | 1 |  1.7
Fighting       | 2 |  2.3
Unarmed Combat | 1 |  1.4
Dodging        | |  2.3
Stealth        | |  1.3
Evocations     | |  3.2

Action                   |  1- 3 |  4- 6 || total
-------------------------+-------+-------++-------
Melee: Unarmed           |    97 |     2 ||    99
       Tentacles         |    17 |     1 ||    18
       Constrict         |    23 |     1 ||    24
Evoke: Wand              |     2 |     3 ||     5
 Stab: Sleeping          |    14 |       ||    14
Armor: Skin              |     8 |       ||     8
Dodge: Dodged            |    46 |       ||    46
